 Dungeon Crawl Stone Soup version 0.24-a0-417-g1cce26a4d2 (webtiles) character file.

Game seed: 719071005716887972

82 wazuzu the Ogre Mage (level 4, 0/41 HPs)
             Began as an Ogre Wizard on June 10, 2019.
             Slain by an orc
             ... wielding a +0 flail
              (5 damage)
             ... on level 2 of the Dungeon.
             The game lasted 00:03:54 (2145 turns).

wazuzu the Ogre Mage (Ogre Wizard)                  Turns: 2145, Time: 00:03:55

Health: 0/41       AC:  3    Str: 11    XL:     4   Next: 43%
Magic:  3/10       EV: 10    Int: 20    God:
Gold:   113        SH:  0    Dex:  7    Spells: 11/12 levels left

rFire    . . .     SeeInvis .   p - +2 dagger (drain)
rCold    . . .     Gourm    .   (no shield)
rNeg     . . .     Faith    .   a - +0 robe
rPois    .         Spirit   .   b - +0 hat
rElec    .         Reflect  .   (no cloak)
rCorr    .         Harm     .   (gloves unavailable)
MR       .....                  (boots unavailable)
Stlth    +.........             (no amulet)
HPRegen  0.13/turn              (no ring)
MPRegen  0.12/turn              (no ring)

@: no status effects
A: large, unfitting armour, tough skin 1
a: no special abilities


You were on level 2 of the Dungeon.
You were hungry.

You visited 1 branch of the dungeon, and saw 3 of its levels.

You collected 113 gold pieces.

Inventory:

Hand Weapons
 p - a +2 dagger of draining (weapon)
Missiles
 e - 85 stones (quivered)
Armour
 a - a +0 robe (worn)
 b - a +0 hat (worn)
Scrolls
 j - a scroll of blinking {unknown}
 k - 3 scrolls of teleportation {unknown}
 l - a scroll of immolation {unknown}
 m - a scroll of remove curse {unknown}
Potions
 c - a potion of curing
 f - a potion of ambrosia {unknown}
 g - a potion of lignification {unknown}
 h - a potion of invisibility {unknown}
 i - a potion of might {unknown}
 n - a potion of haste {unknown}
 o - a potion of flight {unknown}
Comestibles
 d - 5 rations


   Skills:
 * Level 1.1 Fighting
 - Level 2.0 Dodging
 - Level 1.6 Stealth
 + Level 4.6 Spellcasting
 + Level 2.4 Conjurations
   Level 0.8 Summonings
   Level 0.8 Translocations


You had 11 spell levels left.
You knew the following spells:

 Your Spells              Type           Power        Failure   Level  Hunger
z - Magic Dart            Conj           ##..         4%          1    None

Your spell library contained the following spells:

 Spells                   Type           Power        Failure   Level  Hunger
 Blink                    Tloc           N/A          13%         2    #......
 Call Imp                 Summ           #.......     13%         2    #......
 Slow                     Hex            #.......     19%         2    #......
 Conjure Flame            Conj/Fire      #.......     22%         3    ##.....
 Mephitic Cloud           Conj/Pois/Air  #.......     26%         3    ##.....


Dungeon Overview and Level Annotations

Branches:
Dungeon (3/15)

Altars:


Innate Abilities, Weirdness & Mutations

You are too large for most types of armour.
You have tough skin. (AC +1)


Message History

* * * don't die
* * * You climb upwards!
There is a stone staircase leading down here!
There is an open door here!
Casting: Magic Dart (safe; 4% risk of failure)
Confirm with ! or Enter, or press ? or * to list all spells!
Aiming: Magic Dart (safe; 4% risk of failure)
Press: ? - help, Shift-Dir - straight line, f - orc
Aim: an orc, wielding a +0 flail and wearing a +0 ring mail (moderately wounded)
The magic dart hits the orc but does no damage!
The orc is moderately wounded!
Casting: Magic Dart (safe; 4% risk of failure)
Confirm with ! or Enter, or press ? or * to list all spells!
Aiming: Magic Dart (safe; 4% risk of failure)
Press: ? - help, Shift-Dir - straight line, f/p - orc
Aim: an orc, wielding a +0 flail and wearing a +0 ring mail (moderately wounded)
The magic dart hits the orc but does no damage!
The orc is moderately wounded!
The orc hits you with a +0 flail! rip

#### ########
...######......#
##.............#
#..####.......# #..#
#.......# ###.##
#.......#
.##..###.......#######
.'............>o@....#
.##...##.......#####.#
.##.#.##.......# #.#
....#..######..# #.#
######.# #..# #.# ###
#.## #..# #.# ..# #..#
#..#####.# ..# ##.#
#..).....# ..# #.##
##.#######


You could see an orc.

Vanquished Creatures
  An adder (D:2)
  An ooze (D:1)
  A worm (D:3)
  2 dart slugs (D:2)
  2 leopard geckos
  9 orcs (D:3)
  4 giant cockroaches
  4 goblins
  7 hobgoblins
  A ball python (D:3)
  2 bats (D:1)
  3 frilled lizards
  4 kobolds (D:1)
  10 rats
51 creatures vanquished.

Notes
Turn   | Place    | Note
-------+----------+-------------------------------------------
     0 | D:1      | wazuzu the Ogre Wizard began the quest for the Orb.
     0 | D:1      | Reached XP level 1. HP: 16/16 MP: 5/5
   107 | D:1      | Reached skill level 1 in Conjurations
   211 | D:1      | Reached XP level 2. HP: 18/24 MP: 0/6
   510 | D:1      | Reached skill level 4 in Spellcasting
   634 | D:1      | Reached XP level 3. HP: 31/31 MP: 5/8
  1827 | D:3      | Reached XP level 4. HP: 39/39 MP: 6/10
  2067 | D:3      | Reached skill level 1 in Fighting
  2145 | D:2      | Slain by an orc

Levels and vault maps discovered:
D:1:      tarquinn_simple_flora_water_f, layout_loops_ring
D:2:      layout_basic, first_ration
D:3:      layout_basic

Skill      XL: |  1  2  3  4 |
---------------+-------------+-----
Conjurations   | 1 2 |  2.4
Dodging        | 2 |  2.0
Spellcasting   | 4 |  4.6
Fighting       | 1 |  1.1
Stealth        | |  1.6
Summonings     | |  0.8
Translocations | |  0.8

Action                   |  1- 3 |  4- 6 || total
-------------------------+-------+-------++-------
Melee: Club              |     7 |       ||     7
       Short sword       |    17 |       ||    17
       Dagger            |     3 |    29 ||    32
 Cast: Magic Dart        |    85 |    35 ||   120
  Use: Potion            |     1 |       ||     1
  Eat: Chunk             |     2 |     1 ||     3
Armor: Robe              |    10 |     4 ||    14
Dodge: Dodged            |    27 |    13 ||    40

Table legend:
 A = Non-vault XP
 B = Vault XP
 C = Vault XP percentage of total XP
 D = Non-vault monster count
 E = Vault monster count
 F = Vault count percentage of total count
                 A         B        C        D         E       F
            +---------+---------+-------+---------+---------+-------
      Total |     118 |       0 |   0.0 |      51 |       0 |   0.0
            +---------+---------+-------+---------+---------+-------
        D:1 |      40 |       0 |   0.0 |      24 |       0 |   0.0
        D:2 |      37 |       0 |   0.0 |      11 |       0 |   0.0
        D:3 |      41 |       0 |   0.0 |      16 |       0 |   0.0
            +---------+---------+-------+---------+---------+-------
